 Dungeon Crawl Stone Soup version 0.23.2-40-g277498a001 (webtiles) character file.

Game seed: 3558540295976699251

61 Martska the Ducker (level 4, -3/33 HPs)
             Began as a Merfolk Ice Elementalist on Sept 30, 2019.
             Slain by an orc
             ... wielding a +0 flail
              (5 damage)
             ... on level 2 of the Dungeon.
             The game lasted 00:10:12 (2748 turns).

Martska the Ducker (Merfolk Ice Elementalist)       Turns: 2748, Time: 00:10:13

Health: -3/33      AC:  3    Str:  8    XL:     4   Next: 7%
Magic:  0/7        EV: 13    Int: 14    God:
Gold:   133        SH:  0    Dex: 15    Spells: 1/7 levels left

rFire    . . .     SeeInvis .   j - +0 dagger
rCold    . . .     Gourm    .   (no shield)
rNeg     . . .     Faith    .   q - +0 leather armour
rPois    .         Spirit   .   (no helmet)
rElec    .         Reflect  .   (no cloak)
rCorr    +         Harm     .   (no gloves)
MR       .....                  (no boots)
Stlth    ++........             (no amulet)
HPRegen  0.11/turn              g - ring of resist corrosion
MPRegen  0.10/turn              (no ring)

@: very slightly contaminated
A: change form in water, swift swim, stealthy swim
a: no special abilities


You were on level 2 of the Dungeon.
You were not hungry.

You visited 1 branch of the dungeon, and saw 3 of its levels.

You collected 133 gold pieces.

Inventory:

Hand Weapons
 j - a +0 dagger (weapon)
Missiles
 e - 20 bolts
Armour
 a - a +0 robe
 q - a +0 leather armour (worn)
Jewellery
 g - a ring of resist corrosion (left hand)
 t - a +2 ring of dexterity {unknown}
Wands
 u - a wand of enslavement (9)
Scrolls
 b - 2 scrolls of identify {unknown}
 d - 2 scrolls of teleportation {unknown}
 f - a scroll of enchant weapon {unknown}
 m - a scroll of blinking {unknown}
 p - a scroll of noise {unknown}
 r - a scroll of amnesia {unknown}
 s - a scroll of enchant armour {unknown}
Potions
 h - a potion of might {unknown}
 i - a potion of cancellation {unknown}
 k - a potion of ambrosia {unknown}
 l - 3 potions of curing {unknown}
 n - a potion of degeneration {unknown}
 o - 2 potions of heal wounds {unknown}
Comestibles
 c - 6 rations


   Skills:
 * Level 2.1 Fighting
 * Level 3.7 Dodging
 + Level 2.6 Stealth
 + Level 2.3 Spellcasting
 - Level 0.7 Conjurations
 + Level 3.6 Ice Magic


You had one spell level left.
You knew the following spells:

 Your Spells              Type           Power        Failure   Level  Hunger
a - Freeze                Ice            ##..         8%          1    #......
b - Throw Frost           Conj/Ice       #.....       21%         2    ###....
c - Ozocubu's Armour      Chrm/Ice       #.......     43%         3    ###....

Your spell library contained the following spells:

 Spells                   Type           Power        Failure   Level  Hunger
 Throw Icicle             Conj/Ice       #.......     80%         4    #####..
 Summon Ice Beast         Ice/Summ       #.......     85%         4    #####..


Dungeon Overview and Level Annotations

Branches:
Dungeon (3/15)

Altars:
Ru


Message History

* * * LOW HITPOINT WARNING * * *
Casting: Freeze (safe; 8% risk of failure)
Confirm with . or Enter, or press ? or * to list all spells.
Aiming: Freeze (safe; 8% risk of failure)
Press: ? - help, Shift-Dir - straight line, f/p - orc
Aim: an orc, wielding a +0 flail and wearing a +0 ring mail (almost dead)
You miscast Freeze.
You are very lightly contaminated with residual magic.
You feel uncomfortably cold. The orc closely misses you.
You barely miss the orc.
The orc is almost dead.
The orc barely misses you.
You hit the orc but do no damage.
The orc is almost dead.
The orc hits you with a +0 flail.
* * * LOW HITPOINT WARNING * * *
You hit the orc but do no damage.
The orc is almost dead.
The orc hits you with a +0 flail.
You die...

####.............#....#..####.###
........#####.##.#....#.......#
........##.......#.......###..#
........###.#..#.#.......# #..#
...............#........## #..#
.................######## #†.#
..............#..# #..#
####.###......#o.# #..#
##...#........##@# #..#
....##.#......######### #..#
##..##.#......# #.....# #..###
#..##.######## #.....# #.....
##..##.# #..(..# #.#### .......#
##### #.....######.# ......##
#...# #........>##.####
......####...####.....###.##.....
.........'...'........# #.##.####


You could see an orc.

Vanquished Creatures
  An adder (D:2)
  2 oozes (D:1)
  3 worms (D:2)
  A dart slug (D:2)
  A leopard gecko (D:1)
  A giant cockroach (D:3)
  5 goblins
  3 hobgoblins
  4 jackals (D:1)
  4 kobolds
  A quokka (D:2)
  A bat (D:1)
  2 frilled lizards
  2 rats
31 creatures vanquished.

Notes
Turn   | Place    | Note
-------+----------+-------------------------------------------
     0 | D:1      | Martska the Merfolk Ice Elementalist began the quest for
                  | the Orb.
     0 | D:1      | Reached XP level 1. HP: 13/13 MP: 3/3
   245 | D:1      | Reached XP level 2. HP: 20/20 MP: 3/5
   316 | D:1      | Reached skill level 1 in Fighting
   670 | D:1      | Reached XP level 3. HP: 23/26 MP: 4/6
  1470 | D:2      | Learned a level 2 spell: Throw Frost
  1474 | D:2      | Learned a level 3 spell: Ozocubu's Armour
  1519 | D:2      | Found a faded altar of an unknown god.
  1526 | D:2      | Became a worshipper of Ru the Awakened
  1528 | D:2      | Fell from the grace of Ru
  2477 | D:2      | Reached XP level 4. HP: 33/33 MP: 3/7
  2748 | D:2      | Slain by an orc

Skill      XL: |  1  2  3 |
---------------+----------+-----
Dodging        | 3 |  3.7
Fighting       | 1 2 |  2.1
Stealth        | |  2.6
Spellcasting   | |  2.3
Conjurations   | |  0.7
Ice Magic      | |  3.6

Action                   |  1- 3 |  4- 6 || total
-------------------------+-------+-------++-------
Melee: Unarmed           |    30 |       ||    30
       Dagger            |    33 |    14 ||    47
 Cast: Freeze            |    46 |     6 ||    52
       Throw Frost       |     8 |     6 ||    14
Invok: Renounce Religion |     1 |       ||     1
 Stab: Sleeping          |     5 |       ||     5
  Eat: Ration            |     3 |       ||     3
Armor: Robe              |    11 |       ||    11
       Leather armour    |     4 |     1 ||     5
Dodge: Dodged            |    54 |    12 ||    66
